 Dungeon Crawl Stone Soup version 0.20.0-15-g7f486f2 (webtiles) character file.

1425 greprep the Cleaver (level 8, -14/70 HPs)
             Began as a Hill Orc Fighter on June 24, 2017.
             Was a Follower of Nemelex Xobeh.
             Killed by a card of wild magic (21 damage)
             ... on level 6 of the Dungeon.
             The game lasted 00:13:32 (6502 turns).

greprep the Cleaver (Hill Orc Fighter)              Turns: 6502, Time: 00:13:33

Health: -14/70     AC: 11    Str: 19    XL:     8   Next: 72%
Magic:  12/13      EV:  7    Int: 10    God:    Nemelex Xobeh [*.....]
Gold:   169        SH: 10    Dex: 15    Spells: 13/13 levels left

rFire    . . .     SeeInvis .   a - +0 war axe
rCold    . . .     Gourm    .   c - +0 shield
rNeg     . . .     Faith    .   b - +0 scale mail
rPois    .         Spirit   .   u - +0 helmet
rElec    .         Reflect  .   (no cloak)
rCorr    .         Harm     .   C - +1 pair of gloves {archery}
MR       +....                  (no boots)
Stlth    ..........             L - amulet of regeneration
Regen    0.7/turn               B - ring of protection from magic
MPRegen  0.2/turn               y - +5 ring of dexterity

@: no status effects
A: no striking features
a: Renounce Religion


You were on level 6 of the Dungeon.
You worshipped Nemelex Xobeh.
Nemelex Xobeh was aware of your devotion.
You were not hungry.

You visited 1 branch of the dungeon, and saw 6 of its levels.

You collected 311 gold pieces.
You spent 142 gold pieces at shops.

Inventory:

Hand Weapons
 a - a +0 war axe (weapon)
Armour
 b - a +0 scale mail (worn)
 c - a +0 shield (worn)
 u - a +0 helmet (worn)
 C - a +1 pair of gloves of archery (worn)
Jewellery
 k - an uncursed ring of protection from cold
 v - an uncursed ring of fire
 y - a +5 ring of dexterity (right hand)
 B - a ring of protection from magic (left hand)
 J - a +3 ring of protection
 L - an amulet of regeneration (around neck)
Wands
 A - a wand of disintegration (12/24)
 H - a wand of acid (4/15)
Scrolls
 e - 4 scrolls of remove curse
 h - 4 scrolls of recharging {unknown}
 i - 7 scrolls of identify
 j - 3 scrolls of teleportation {unknown}
 m - a scroll of fog {unknown}
 p - a scroll of random uselessness {unknown}
 q - a scroll of magic mapping {unknown}
 r - 2 scrolls of noise {unknown}
 w - a scroll of enchant armour {unknown}
 G - a scroll of enchant weapon {unknown}
 K - a scroll of amnesia {unknown}
Potions
 d - 2 potions of ambrosia {unknown}
 g - 2 potions of berserk rage {unknown}
 l - 3 potions of flight
 o - 2 potions of haste {unknown}
 s - a potion of agility {unknown}
 x - 3 potions of degeneration {unknown}
 z - 3 potions of heal wounds {unknown}
 D - a potion of curing
Books
 t - a book of Maledictions

   Spells                             Type                      Level
   a - Corona                         Hexes                        1
   b - Ensorcelled Hibernation        Hexes/Ice                    2
   c - Confuse                        Hexes                        3
   d - Tukima's Dance                 Hexes                        3
   e - Dazzling Spray                 Conjuration/Hexes            3
Miscellaneous
 F - an ornate deck of destruction {drawn: 6}
 I - an ornate deck of escape
Comestibles
 f - 3 bread rations
 n - a meat ration
 E - 9 fruits


   Skills:
 + Level 5.8 Fighting
 + Level 8.4 Axes
 + Level 5.5 Armour
 + Level 5.7 Shields
 * Level 3.3 Spellcasting


You had 13 spell levels left.
You didn't know any spells.

Dungeon Overview and Level Annotations

Branches:
Dungeon (6/15)
 Temple: D:4-7

Altars:
Cheibriados
Nemelex Xobeh
Sif Muna
Vehumet

Shops:
D:4 [


Message History

* * * LOW HITPOINT WARNING * * *
Unknown command.
You closely miss the orc warrior.
The orc warrior is moderately wounded.
You slash the orc!
You kill the orc!
The orc warrior hits you with a scimitar!
* * * LOW HITPOINT WARNING * * *
Evoke which item? (* to show all) (? for menu, Esc to quit)
You draw a card...
It is Pain.
You have drawn Pain.
Press: ? - help, Shift-Dir - straight line, f - orc warrior
Aim: an orc warrior, wielding a scimitar and wearing a chain mail (moderately wounded)
The orc warrior barely resists.
Evoke which item? (* to show all) (? for menu, Esc to quit)
You draw a card...
It is Wild Magic.
The orc warrior is caught in an explosion of flying shrapnel!
The explosion engulfs the orc warrior.
The explosion engulfs you!
You die...
Your body disappears without a glow.

#.....#.........#...
#.....#.........'...
#.....+.........#...
#.....##.......##...
#.....##.......#####
### #....##........#
....##....##........#
.
......)......########
.. ......)@.(.†.#
..#.. ......o).....#
>.#.. ....##....##.#
..#.. ... #....##.#
###.. . #....##.. .
#....##... #...
..>..#..... #...
####### #... #...


You could see an orc warrior.

Vanquished Creatures
  The ghost of Overlord the Ruffian, an amateur DrTm (D:4)
  Eustachio (D:4)
  A phantom (D:5)
  2 ogres
  A centaur (D:4)
  2 crimson imps (D:5)
  2 jellies
  3 hounds
  4 orc priests
  An iguana (D:6)
  3 orc wizards
  2 worker ants
  Robin (D:2)
  7 adders
  2 oozes
  An adder skeleton (D:5)
  4 worms
  2 dart slugs (D:1)
  5 leopard geckos
  27 orcs
  5 giant cockroaches
  16 goblins
  13 hobgoblins
  3 jackals
  2 quokkas
  A ball python (D:1)
  8 bats
  9 frilled lizards
  A jackal skeleton (D:4)
  A jackal zombie (D:5)
  9 kobolds
  2 quokka skeletons
  9 rats
151 creatures vanquished.

Notes
Turn   | Place    | Note
-------+----------+-------------------------------------------
     0 | D:1      | greprep the Hill Orc Fighter began the quest for the Orb.
     0 | D:1      | Reached XP level 1. HP: 19/19 MP: 1/1
   105 | D:1      | Reached XP level 2. HP: 21/27 MP: 2/2
   264 | D:1      | Reached XP level 3. HP: 23/33 MP: 3/3
   464 | D:1      | Reached skill level 3 in Axes
  1088 | D:2      | You fall through a shaft for 2 floors!
  1216 | D:2      | Reached XP level 4. HP: 28/40 MP: 3/5
  1217 | D:2      | Noticed Robin
  1241 | D:2      | Killed Robin
  2231 | D:2      | Reached skill level 1 in Spellcasting
  2489 | D:3      | Reached XP level 5. HP: 44/47 MP: 6/6
  2725 | D:3      | Found a sparkling altar of Nemelex Xobeh.
  2745 | D:3      | Became a worshipper of Nemelex Xobeh the Trickster
  2763 | D:3      | Reached skill level 4 in Axes
  3113 | D:3      | Found a deep blue altar of Sif Muna.
  3116 | D:3      | Noticed an ogre
  3197 | D:3      | Killed an ogre
  3197 | D:3      | Reached XP level 6. HP: 16/53 MP: 8/8
  3721 | D:4      | Noticed Eustachio
  3750 | D:4      | Killed Eustachio
  3750 | D:4      | Reached skill level 5 in Axes
  3750 | D:4      | Reached XP level 7. HP: 34/60 MP: 8/10
  4076 | D:4      | Found Ahyan's Antique Armour Shop.
  4084 | D:4      | Bought a pair of glowing gloves for 142 gold pieces
  4134 | D:4      | Noticed Overlord's ghost (amateur DrTm)
  4143 | D:4      | Reached skill level 5 in Armour
  4174 | D:4      | Killed Overlord's ghost
  4174 | D:4      | Reached skill level 5 in Fighting
  4174 | D:4      | Reached skill level 6 in Axes
  4174 | D:4      | Reached skill level 5 in Shields
  4333 | D:4      | Received a gift from Nemelex Xobeh
  4392 | D:4      | Found a radiant altar of Vehumet.
  4550 | D:5      | Entered Level 5 of the Dungeon
  4564 | D:5      | Reached XP level 8. HP: 68/68 MP: 12/12
  4775 | D:5      | Reached skill level 7 in Axes
  5006 | D:5      | Found a snail-covered altar of Cheibriados.
  5736 | D:5      | Reached * piety under Nemelex Xobeh
  5741 | D:5      | Received a gift from Nemelex Xobeh
  6123 | D:6      | Reached skill level 8 in Axes
  6181 | D:6      | Found a sparkling altar of Nemelex Xobeh.
  6502 | D:6      | Killed by a card of wild magic

Skill      XL: |  1  2  3  4  5  6  7  8 |
---------------+-------------------------+-----
Fighting       | 4 5 |  5.8
Axes           | 3 4 5 6 8 |  8.4
Shields        | 4 5 |  5.7
Armour         | 4 5 |  5.5
Spellcasting   | 1 2 3 |  3.3

Action                   |  1- 3 |  4- 6 |  7- 9 || total
-------------------------+-------+-------+-------++-------
Melee: War axe           |   141 |   216 |   206 ||   563
Evoke: Deck              |       |       |     5 ||     5
  Use: Potion            |       |     2 |       ||     2
       Scroll            |       |       |     1 ||     1
  Eat: Chunk             |     1 |     6 |     2 ||     9
       Bread ration      |       |     1 |       ||     1
       Meat ration       |       |       |     1 ||     1
Armor: Scale mail        |    76 |   102 |    73 ||   251
Dodge: Dodged            |    36 |    69 |    65 ||   170
Block: Shield            |    83 |   101 |    91 ||   275
